 Dungeon Crawl Stone Soup version 0.23.2-40-g277498a001 (webtiles) character file.

Game seed: 7554755684114731994

104 Glamhuggeren the Covered (level 4, 0/36 HPs)
             Began as a Demonspawn Fighter on Oct 10, 2019.
             Slain by a quokka (4 damage)
             ... on level 3 of the Dungeon.
             The game lasted 00:09:57 (1846 turns).

Glamhuggeren the Covered (Demonspawn Fighter)       Turns: 1846, Time: 00:09:57

Health: 0/36       AC:  5    Str: 17    XL:     4   Next: 52%
Magic:  4/4        EV:  8    Int: 10    God:
Gold:   80         SH:  9    Dex: 12    Spells: 3/3 levels left

rFire    + . .     SeeInvis .   a - +0 long sword
rCold    . . .     Gourm    .   c - +0 shield
rNeg     . . .     Faith    .   g - +0 ring mail
rPois    .         Spirit   .   (helmet restricted)
rElec    .         Reflect  .   (no cloak)
rCorr    .         Harm     .   (no gloves)
MR       ++...                  (no boots)
Stlth    +.........             (no amulet)
HPRegen  0.12/turn              (no ring)
MPRegen  0.09/turn              (no ring)

@: lethally poisoned (0 -> -2), flying
A: horns 1, fire resistance 1, magic resistance 2, sturdy frame 1
a: no special abilities


You were on level 3 of the Dungeon.
You were not hungry.

You visited 1 branch of the dungeon, and saw 3 of its levels.

You collected 80 gold pieces.

Inventory:

Hand Weapons
 a - a +0 long sword (weapon)
Missiles
 e - 100 stones (quivered)
 j - 14 poisoned needles
 r - 37 sling bullets
Armour
 b - a +0 scale mail
 c - a +0 shield (worn)
 g - a +0 ring mail (worn)
Magical Staves
 v - an uncursed staff of air {unknown}
Jewellery
 o - a +5 ring of dexterity {unknown}
 q - an uncursed ring of magical power {unknown}
Scrolls
 i - a scroll of teleportation {unknown}
 k - 2 scrolls of enchant armour {unknown}
 l - 2 scrolls of identify {unknown}
 n - 3 scrolls of remove curse {unknown}
 s - 2 scrolls of magic mapping {unknown}
 u - 2 scrolls of blinking {unknown}
 w - a scroll of fog {unknown}
 x - a scroll of amnesia {unknown}
Potions
 m - a potion of brilliance
Comestibles
 f - 8 rations


   Skills:
 + Level 3.6 Fighting
 + Level 2.5 Long Blades
 * Level 3.8 Armour
 - Level 3.0 Shields


You had 3 spell levels left.
You didn't know any spells.
Your spell library was empty.

Dungeon Overview and Level Annotations

Branches:
Dungeon (3/15)

Altars:
Cheibriados
Dithmenos
Qazlal

Annotations:
D:3 Grinder


Innate Abilities, Weirdness & Mutations

You have a pair of small horns on your head.
Your flesh is heat resistant. (rF+)
Your movements are slightly less encumbered by armour. (ER -2)
You are highly resistant to hostile enchantments. (MR++)


Message History

The adder bites you.
* * * LOW HITPOINT WARNING * * *
You are poisoned.
The adder poisons you!
You slash the adder!
The adder is almost dead.
You feel sick.
The quokka twitches its whiskers.
The adder bites you but does no damage.
Your shield prevents you from hitting the adder.
The adder is almost dead.
The adder bites you but does no damage. x2
You miss the adder.
The adder is almost dead.
You feel sick. You block the adder's attack.
The adder bites you but does no damage.
You slash the adder!
You kill the adder!
Grinder blinks!
The quokka bites you.
You die...

..# #..# .. . ##.## ..
#..# .# ##.## #...#
#...#.# #...###.#
...###..5## .###.).#@.#
#####...####r##
###.#...#.#..#..#
###...##.##....##§##
##5..#r.#..#..#..#..#
r..####.##.##....##.##.#
.###.....#..#..###.....#
##....##.##.####r..#####
.#..#. #5†#..#...###


You could see Grinder and a quokka.

Vanquished Creatures
  Terence (D:2)
  2 adders
  A leopard gecko (D:1)
  6 bats
  2 giant cockroaches
  9 hobgoblins
  6 jackals (D:2)
  5 kobolds
  4 quokkas
  A ball python (D:3)
  4 frilled lizards
  8 goblins
  8 rats
57 creatures vanquished.

Notes
Turn   | Place    | Note
-------+----------+-------------------------------------------
     0 | D:1      | Glamhuggeren the Demonspawn Fighter began the quest for the
                  | Orb.
     0 | D:1      | Reached XP level 1. HP: 18/18 MP: 1/1
   544 | D:1      | Gained mutation: Your movements are slightly less
                  | encumbered by armour. (ER -2) [demonic ancestry]
   544 | D:1      | Reached XP level 2. HP: 24/24 MP: 2/2
  1186 | D:2      | Gained mutation: Your flesh is heat resistant. (rF+)
                  | [demonic ancestry]
  1186 | D:2      | Reached XP level 3. HP: 26/29 MP: 3/3
  1515 | D:2      | Noticed Terence
  1526 | D:2      | Killed Terence
  1526 | D:2      | Gained mutation: You have a pair of small horns on your
                  | head. [demonic ancestry]
  1526 | D:2      | Reached XP level 4. HP: 35/35 MP: 4/4
  1669 | D:3      | Found a stormy altar of Qazlal.
  1669 | D:3      | Found a snail-covered altar of Cheibriados.
  1669 | D:3      | Found a shadowy altar of Dithmenos.
  1786 | D:3      | Noticed Grinder
  1789 | D:3      | Paralysed by Grinder for 2 turns
  1795 | D:3      | Paralysed by Grinder for 4 turns
  1806 | D:3      | Gained mutation: You are resistant to hostile enchantments.
                  | (MR+) [potion of mutation]
  1806 | D:3      | Gained mutation: You are highly resistant to hostile
                  | enchantments. (MR++) [potion of mutation]
  1846 | D:3      | Slain by a quokka

Skill      XL: |  1  2 |
---------------+-------+-----
Long Blades    | 2 |  2.5
Armour         | 3 |  3.8
Shields        | 3 |  3.0
Fighting       | |  3.6

Action                   |  1- 3 |  4- 6 || total
-------------------------+-------+-------++-------
Melee: Long sword        |   139 |    46 ||   185
       Headbutt          |       |     5 ||     5
Throw: Stone             |     3 |       ||     3
  Use: Potion            |     1 |     6 ||     7
  Eat: Chunk             |     2 |     1 ||     3
Armor: Scale mail        |     6 |       ||     6
       Ring mail         |    42 |    22 ||    64
Dodge: Dodged            |    48 |    16 ||    64
Block: Shield            |    61 |    23 ||    84
       Rpst.: Long sword |    20 |     3 ||    23
